 Dungeon Crawl Stone Soup version 0.23.2-40-g277498a001 (webtiles) character file.

Game seed: 2716353163491567082

25 Marnok the Skirmisher (level 2, 0/24 HPs)
             Began as a Demonspawn Chaos Knight on Oct 12, 2019.
             Was a Plaything of Xom.
             Succumbed to an adder's poison
             ... on level 1 of the Dungeon.
             The game lasted 00:02:16 (493 turns).

Marnok the Skirmisher (Demonspawn Chaos Knight)      Turns: 493, Time: 00:02:16

Health: 0/24       AC:  5    Str: 12    XL:     2   Next: 86%
Magic:  2/2        EV: 11    Int: 13    God:    Xom [....*.]
Gold:   23         SH:  0    Dex: 12    Spells: 1/1 levels left

rFire    + . .     SeeInvis .   a - +0 spear (chaos)
rCold    + . .     Gourm    .   (no shield)
rNeg     . . .     Faith    .   b - +2 leather armour
rPois    +         Spirit   .   (helmet restricted)
rElec    +         Reflect  .   (no cloak)
rCorr    +         Harm     .   (no gloves)
MR       .....                  (no boots)
Stlth    +.........             (no amulet)
HPRegen  0.08/turn              (no ring)
MPRegen  0.08/turn              (no ring)

@: lethally poisoned (0 -> -4), about to teleport, resistant, flying
A: antennae 1
a: Renounce Religion


You were on level 1 of the Dungeon.
You worshipped Xom.
You were a beloved toy of Xom.
You were not hungry.

You visited 1 branch of the dungeon, and saw 2 of its levels.

You collected 23 gold pieces.

Inventory:

Hand Weapons
 a - a +0 spear of chaos (weapon)
 g - a +1 dagger of electrocution
 j - a +0 antimagic dagger
Armour
 b - a +2 leather armour (worn)
Jewellery
 h - an uncursed ring of protection from fire {unknown}
Comestibles
 c - a ration


   Skills:
 + Level 3.4 Fighting
 + Level 3.1 Polearms
 + Level 2.1 Armour
 + Level 1.0 Dodging


You had one spell level left.
You didn't know any spells.
Your spell library was empty.

Dungeon Overview and Level Annotations

Branches:
Dungeon (2/15)

Altars:


Innate Abilities, Weirdness & Mutations

You have a pair of small antennae on your head.


Message History

You feel sick.
Found a scroll labeled VUSUIT EHUQAN.
* * * LOW HITPOINT WARNING * * *
You feel sick. The rat closely misses you.
Your white imp barely misses the rat.
The rat barely misses you.
There is an escape hatch in the ceiling here.
* * * LOW HITPOINT WARNING * * *
You feel sick.
Your white imp hits the rat.
The rat dies!
The goblin hits your white imp but does no damage.
A mysterious force pulls you upwards. The hatch slams shut behind you.
There is a lethal amount of poison in your body!
You aren't carrying any potions.
As you read the scroll labeled LAMUAH YROLAGO, it crumbles to dust.
You feel strangely unstable.
It was a scroll of teleportation.
As you read the scroll labeled VORAZX DYSMA, it crumbles to dust.
You assume a fearsome visage.
Nothing appears to happen.
It was a scroll of fear.
You die...
Xom laughs nastily!

#.######
#.
#.......
#.
########
#. #. #.
#. #.##
#.@#
##.# #.#
#.# #.#
#.# #.#
#..


There were no monsters in sight!

Vanquished Creatures
  A leopard gecko (D:1)
  2 bats
  2 goblins (D:1)
  6 hobgoblins (D:1)
  2 frilled lizards (D:1)
  A kobold (D:1)
  2 rats (D:1)
16 creatures vanquished.

Vanquished Creatures (collateral kills)
  An adder (D:2)
  A rat (D:2)
2 creatures vanquished.

Grand Total: 18 creatures vanquished

Notes
Turn   | Place    | Note
-------+----------+-------------------------------------------
     0 | D:1      | Marnok the Demonspawn Chaos Knight began the quest for the
                  | Orb.
     0 | D:1      | Reached XP level 1. HP: 18/18 MP: 1/1
    24 | D:1      | XOM: divination: detect creatures
    92 | D:1      | XOM: silly message
   163 | D:1      | Gained mutation: You have a pair of small antennae on your
                  | head. [demonic ancestry]
   163 | D:1      | Reached XP level 2. HP: 18/24 MP: 2/2
   248 | D:1      | XOM: harmless Tloc miscast
   254 | D:1      | XOM: harmless Tmut miscast
   454 | D:1      | You fall through a shaft!
   463 | D:2      | XOM: summons friendly white imp
   483 | D:2      | Reached skill level 1 in Dodging
   490 | D:2      | HP: 1/24 [poisoned by an adder]
   493 | D:1      | Succumbed to an adder's poison

Skill      XL: |  1  2 |
---------------+-------+-----
Armour         | 2 |  2.1
Polearms       | 3 |  3.1
Dodging        | 1 |  1.0
Fighting       | |  3.4

Action                   || total
-------------------------++-------
Melee: Spear             ||    66
  Use: Scroll            ||     2
       Potion            ||     2
Armor: Leather armour    ||    46
Dodge: Dodged            ||    61
